 Dungeon Crawl Stone Soup version 0.30-a0-782-ge64f9170bb (webtiles) character file.

Game seed: 11855366869942867538

83524 mopl the Grappler (level 15, -5/115 HPs)
             Began as a Mummy Fighter on Mar 12, 2023.
             Was a Priest of Okawaru.
             Killed by the air
             ... invoked by a wind drake
              (14 damage)
             ... on level 1 of the Shoals.
             The game lasted 00:46:28 (25052 turns).

mopl the Grappler (Mummy Fighter)                  Turns: 25052, Time: 00:46:28

Health: -5/115     AC: 38    Str: 23    XL:     15   Next: 32%
Magic:  18/20      EV:  2    Int:  6    God:    Okawaru [***...]
Gold:   1978       SH:  0    Dex: 19    Spells: 11/14 levels left

rFire   . . .      SeeInvis +      - Unarmed
rCold   + . .      Faith    +    A - +2 tower shield {AC+3}
rNeg    + + +      Spirit   .    F - +7 crystal plate armour
rPois   ∞          Reflect  .    v - +0 helmet
rElec   +          Harm     .    C - +2 cloak of Ifyon {Rampage Int-3 Dex+5 Stlth+}
rCorr   .          Rampage  +    u - +2 pair of gloves
Will    +....                    G - +0 pair of boots of Vehumet {rElec} Stlth
                                 z - amulet of regeneration
HPRegen 1.19/turn                q - ring of protection from fire
MPRegen 0.17/turn                w - ring of see invisible

@: finesse-ful, mesmerised, held, studying Ice Magic
A: cold resistance 1, negative energy resistance 3, torment resistance 2, heat
vulnerability 1, in touch with death 2, no potions, faith
a: Renounce Religion, Heroism


You were on level 1 of the Shoals.
You worshipped Okawaru.
Okawaru was most pleased with you.
You visited 5 branches of the dungeon, and saw 24 of its levels.
You also visited: Bailey, Gauntlet and Ice Cave.

You collected 2804 gold pieces.
You spent 826 gold pieces at shops.

Inventory:

Hand Weapons
 a - the +8 trident "Gahagoom" {pain, Str+3 Int+3}
   (You found it on level 8 of the Dungeon)

   Str:       It affects your strength (+3).
   Int:       It affects your intelligence (+3).
 b - a +2 dagger of venom
 I - a +0 scimitar of flaming
Missiles
 i - 35 poisoned darts
 j - 12 javelins
 m - 17 boomerangs (quivered)
 n - 3 boomerangs of dispersal
 o - 4 curare-tipped darts
 r - 6 datura-tipped darts
 y - 2 throwing nets
Armour
 d - a +4 chain mail of willpower
 u - a +2 pair of gloves (worn)
 v - a +0 helmet (worn)
 A - a +2 tower shield of protection (worn)
 C - the +2 cloak of Ifyon (worn) {Rampage Int-3 Dex+5 Stlth+}
   (You bought it in a shop on level 4 of the Dungeon)

   Int:       It affects your intelligence (-3).
   Dex:       It affects your dexterity (+5).
   Rampage:   It bestows one free step when moving towards enemies.
   Stlth:     It makes you more stealthy.
 F - a +7 crystal plate armour (worn)
 G - the +0 pair of boots of Vehumet (worn) {rElec}
   (You found it in a Gauntlet)

   rElec:     It insulates you from electricity.
Jewellery
 g - a ring of protection from cold
 q - a ring of protection from fire (left hand)
 w - a ring of see invisible (right hand)
 z - an amulet of regeneration (around neck)
 D - a ring of protection from fire
Wands
 x - a wand of quicksilver (24)
 H - a wand of polymorph (6)
 K - a wand of mindburst (11)
 M - a wand of digging (6)
 N - a wand of flame (24)
 O - a wand of roots (23)
Scrolls
 c - 11 scrolls of teleportation
 h - a scroll of fog
 k - 3 scrolls of silence {!r}
 l - 3 scrolls of vulnerability
 p - 4 scrolls of fear
 s - 5 scrolls of poison
 t - 4 scrolls of blinking
 J - a scroll of immolation
 L - 2 scrolls of magic mapping
Miscellaneous
 e - a phial of floods
 E - a condenser vane
 P - a tin of tremorstones (2/2)


   Skills:
 + Level 9.8 Fighting
 + Level 7.6 Throwing
 + Level 8.3 Armour
 + Level 7.7 Dodging
 + Level 8.3 Shields
 * Level 11.3 Unarmed Combat
 + Level 7.5 Necromancy
 + Level 7.3 Invocations
 + Level 7.2 Evocations


You had 11 spell levels left.
You knew the following spells:

 Your Spells              Type           Power      Damage    Failure   Level
a - Vampiric Draining     Necr           20%        2d7       100%        3

Your spell library contained the following spells:

 Spells                   Type           Power      Damage    Failure   Level
 Slow                     Hex            0%         N/A       100%        1
 Cigotuvi's Dreadful Rot  Necr/Pois/Air  12%        N/A       100%        2
 Ensorcelled Hibernation  Hex/Ice        0%         N/A       100%        2
 Passwall                 Tmut/Erth      0%         N/A       100%        2
 Confusing Touch          Hex            0%         N/A       100%        3
 Swiftness                Air            0%         N/A       100%        3
 Vhi's Electric Charge    Tloc/Air       0%         N/A       100%        3
 Dispel Undead            Necr           20%        3d11      100%        4
 Arcjolt                  Conj/Air       0%         1d10      100%        5
 Iskenderun's Battlesphe  Conj           0%         2d6       100%        5
 Iron Shot                Conj/Erth      0%         9d1       100%        6
 Maxwell's Capacitive Co  Air            0%         ∞         100%        8
 Death Channel            Necr           Unusable   N/A       N/A         6
 Spellforged Servitor     Conj/Summ      Unusable   N/A       N/A         7

Dungeon Overview and Level Annotations

Branches:
Dungeon (15/15)            Temple (1/1) D:4            Lair (5/5) D:11
 Shoals (1/4) Lair:3       Spider (0/4) Lair:2        Slime (0/5) Lair:5
    Orc (2/2) D:10            Elf (0/3) Orc:2        Vaults (0/5) D:13
 Depths (0/4) D:15         Bailey (visited)           IceCv (visited)
Gauntlet (visited)

Altars:
Ashenzari
Cheibriados
Dithmenos
Fedhas
Gozag
Hepliaklqana
Kikubaaqudgha
Makhleb
Nemelex Xobeh
Okawaru
Qazlal
Ru
Sif Muna
Trog
Uskayaw
Vehumet
Wu Jian
Xom
Yredelemnul
Jiyva

Shops:
D:2 (   D:4 ![   D:15 !   Orc:2 *[[?:

Portals:
Hell: Lair:5
Trove: D:14 (give +5 demon trident)

Annotations:
D:7 1 runed translucent door, Crazy Yiuf
Lair:2 exclusion: oklob plant
Orc:1 2 transporters, QuickerDeath's ghost, journeyman DEHu


Innate Abilities, Weirdness & Mutations

You are immune to poison.
Your flesh is cold resistant. (rC+)
You are immune to negative energy. (rN+++)
You are immune to unholy pain and torment.
You are vulnerable to heat. (rF-)
You are strongly in touch with the powers of death.
You do not drink.
You have a special connection with the divine. (Faith)


Message History

Press: ? - help, Q - select action, (/) - cycle Shift-Dir - straight line, f/p - merfolk avatar
Aim: a merfolk avatar (almost dead, mesmerising, very poisoned, slow, 62% to hit)
You throw a boomerang. The boomerang hits the merfolk avatar!
You are no longer entranced.
You kill the merfolk avatar!
Okawaru accepts your kill.
The merfolk siren chants a haunting song.
You resist.
The merfolk hits you from afar with a +0 trident!
* * * LOW HITPOINT WARNING * * *
You hear an angry hiss.
Your condenser vane has recharged.
The merfolk throws a boomerang.
You block the boomerang.
A merfolk comes into view. It is wielding a +0 trident.
The merfolk siren chants a haunting song.
You resist. You block the merfolk's attack.
The merfolk moves out of view.
A merfolk aquamancer comes into view. It is wielding a +0 rapier.
You see here a throwing net.
The merfolk siren chants a haunting song.
You easily resist.
The merfolk hits you but does no damage.
You block the merfolk's attack.
The merfolk siren chants a haunting song.
You are mesmerised by the merfolk siren!
The merfolk siren chants its luring song.
The merfolk throws a throwing net.
The throwing net hits you.
You become entangled in the net!
The merfolk hits you but does no damage.
The merfolk throws a boomerang.
The boomerang hits you.
* * * LOW HITPOINT WARNING * * *
There is a staircase back to the Lair here.
You see here a throwing net.
You cannot move away from the merfolk siren!
As you read the scroll of fog, it crumbles to dust.
The scroll dissolves into smoke.
The manticore flicks its tail.
The volley of spikes hits you but does no damage.
The wind drake flaps its wings at you. The air twists around and strikes you!
You die...

≈≈~PPP~~..###...~~.....
≈≈~~PPP~~.## #.~~~~P...P
≈~~~~PP~~~..###.~~..P...#
≈≈≈~~~~~~~~~~.##.†~.>P..###
≈≈≈~~...~~~~~~~.P.~.PP~P.#
≈≈≈≈~...~~~~~~~.P.~~~~~.## P...
≈≈≈≈≈≈~~~~~~~~~~~~~~~~PP# #....
≈≈≈≈~~~~~~~~~.§§§~~~~PP..###...~
≈≈≈≈~~..~~....§@~~~~~..P.......~
≈≈≈~~...~..##.§§§..............~
≈≈≈~~...~>.m..~m~~..............
≈≈≈~....~~~.m~~~~Hm.............
≈≈≈~~...~~~..~~~~~~~k...........
≈≈≈~~...~~~~~~~~~~~~~......~~~..
≈≈~.....~~~~~~~~~~~~~m.....~[~~~
≈≈~..#..~~~~~~~~~~~~)~~...m~~~~~
≈≈~~....~~~~~~~~~~~~~~~~~###)###


You could see a merfolk aquamancer, a wind drake (repels missiles), 3 merfolk, a
manticore and a merfolk siren (mesmerising).

Vanquished Creatures
  Saint Roka (Orc:1)
  Jorgrun (D:13)
  Kirke (D:15)
  An orc warlord (Orc:1)
  Nessos (D:15)
  A dire elephant (Lair:5)
  A minotaur (Gauntlet)
  Snorg (D:12)
  An ettin (D:15)
  A vault guard (D:13)
  6 hydras
  4 boulder beetles
  A catoblepas (Lair:4)
  A hell beast (Lair:5)
  A merfolk avatar (Shoals:1)
  2 centaur warriors (D:13)
  4 two-headed ogres
  Erica (D:8)
  An orc high priest (Orc:1)
  Urug (Lair:1)
  Sonja (Lair:4)
  Nergalle (Lair:1)
  2 skysharks
  3 skeletal warriors (D:15)
  A sea snake (Shoals:1)
  3 deep trolls (D:15)
  2 orc knights
  2 wizards
  A deep elf pyromancer (D:15)
  A necromancer (D:15)
  2 cyclopes
  6 ugly things
  5 orc sorcerers (Orc:1)
  2 manticores
  2 ice statues (IceCv)
  Joseph (D:10)
  A guardian serpent (shapeshifter) (D:15)
  4 elephants (Lair:4)
  A gargoyle (D:12)
  A torpor snail (Gauntlet)
  11 cane toads
  2 orange demons (Lair:5)
  A black mamba (Lair:3)
  2 unseen horrors
  3 rime drakes
  11 komodo dragons
  4 ice devils (Lair:5)
  8 trolls
  4 meliai
  2 polar bears
  Grinder (D:3)
  A hellwing (Lair:5)
  A blink frog (shapeshifter) (D:13)
  7 dream sheep
  8 blink frogs
  10 slime creatures
  Sigmund (D:3)
  5 flying skulls (Gauntlet)
  A vampire (D:12)
  A wraith (D:13)
  4 shadows
  A basilisk (shapeshifter) (D:15)
  4 humans (D:15)
  2 water elementals (Shoals:1)
  49 yaks
  10 wyverns
  A steam dragon (D:9)
  A hog (D:15)
  2 vampire mosquitoes (D:13)
  4 basilisks
  3 wargs
  An acid dragon (D:11)
  18 water moccasins
  3 hell hounds (Lair:5)
  2 ice beasts
  31 orc warriors
  A black bear (D:6)
  8 ogres
  10 centaurs
  16 wolves
  2 kobold brigands
  10 bullfrogs
  2 gnoll sergeants
  A necrophage (D:6)
  4 scorpions
  11 wights
  A hornet simulacrum (D:14)
  11 killer bees
  An elephant simulacrum (IceCv)
  An electric eel (Lair:3)
  4 howler monkeys
  A jelly (D:6)
  27 orc priests
  10 hounds
  3 gnoll boudas
  3 iguanas
  27 orc wizards
  9 hell rats
  4 polar bear simulacra (IceCv)
  28 gnolls
  12 adders
  14 river rats (Lair:2)
  An ufetubus (D:5)
  3 worms (D:2)
  2 dart slugs
  103 orcs
  8 endoplasms
  16 giant cockroaches
  5 hobgoblins
  2 jackals
  15 kobolds
  8 quokkas
  8 ball pythons
  4 frilled lizards (D:1)
  7 goblins
  15 rats
712 creatures vanquished.

Vanquished Creatures (collateral kills)
  A two-headed ogre (D:6)
  3 gnolls (D:6)
4 creatures vanquished.

Vanquished Creatures (others)
  A merfolk aquamancer (Shoals:1)
  An orc warrior (D:15)
  3 orc wizards
  5 bushes (Lair:1)
  12 fungi
  33 plants
55 creatures vanquished.

Grand Total: 771 creatures vanquished

Notes
Turn   | Place    | Note
-------+----------+-------------------------------------------
     0 | D:1      | mopl the Mummy Fighter began the quest for the Orb.
     0 | D:1      | Reached XP level 1. HP: 18/18 MP: 1/1
   148 | D:1      | Found a faded altar of an unknown god.
   269 | D:1      | Reached XP level 2. HP: 24/24 MP: 2/2
   627 | D:2      | Reached skill level 2 in Unarmed Combat
   668 | D:2      | Found Barcha Enei's Antique Weapon Shop.
   765 | D:2      | Gained mutation: You are in touch with the powers of death.
                  | [Mummy growth]
   765 | D:2      | Reached XP level 3. HP: 28/29 MP: 3/3
   959 | D:2      | Reached skill level 1 in Dodging
  1047 | D:2      | Reached XP level 4. HP: 29/35 MP: 4/4
  1340 | D:2      | Reached skill level 1 in Throwing
  1425 | D:2      | Reached XP level 5. HP: 27/41 MP: 5/5
  1518 | D:3      | Noticed Sigmund
  1751 | D:3      | Killed Sigmund
  1752 | D:3      | Reached skill level 3 in Armour
  1752 | D:3      | Reached skill level 3 in Shields
  1752 | D:3      | Reached skill level 3 in Unarmed Combat
  1752 | D:3      | Reached XP level 6. HP: 12/48 MP: 6/6
  1976 | D:3      | Noticed Grinder
  1990 | D:3      | Paralysed by Grinder for 5 turns
  1999 | D:3      | Paralysed by Grinder for 4 turns
  2010 | D:3      | Paralysed by Grinder for 4 turns
  2033 | D:3      | Paralysed by Grinder for 2 turns
  2038 | D:3      | Paralysed by Grinder for 5 turns
  2057 | D:3      | Killed Grinder
  2058 | D:3      | Reached skill level 4 in Fighting
  2058 | D:3      | Reached skill level 2 in Dodging
  2058 | D:3      | Reached XP level 7. HP: 18/54 MP: 7/7
  2612 | D:4      | Found a staircase to the Ecumenical Temple.
  2627 | D:4      | Found Hiytuata's Distillery.
  2635 | Temple   | Entered the Ecumenical Temple
  2851 | D:4      | Found a shimmering altar of Xom.
  2881 | D:4      | Found Nemeustre's Antique Armour Boutique.
  3484 | D:5      | Entered Level 5 of the Dungeon
  3504 | D:5      | Reached skill level 2 in Throwing
  3630 | D:5      | Reached skill level 4 in Unarmed Combat
  3907 | D:5      | Reached skill level 1 in Evocations
  3907 | D:5      | Reached XP level 8. HP: 61/61 MP: 8/8
  4582 | D:4      | Bought a faintly humming cloak for 275 gold pieces
  4582 | D:4      | Identified the +2 cloak of Ifyon {Rampage Int-3 Dex+5
                  | Stlth+} (You bought it in a shop on level 4 of the Dungeon)
  4647 | D:6      | Reached skill level 3 in Dodging
  4647 | D:6      | Reached skill level 4 in Shields
  4658 | D:6      | Reached skill level 4 in Armour
  5110 | D:6      | Reached skill level 5 in Fighting
  5110 | D:6      | Reached skill level 5 in Unarmed Combat
  5508 | D:6      | Reached skill level 3 in Throwing
  5669 | D:6      | Found an iron altar of Okawaru.
  5711 | D:6      | Noticed a two-headed ogre
  5722 | D:6      | Killed a two-headed ogre
  5723 | D:6      | Reached skill level 2 in Evocations
  5723 | D:6      | Reached XP level 9. HP: 68/68 MP: 9/9
  5779 | D:6      | Became a worshipper of Warmaster Okawaru
  5988 | D:7      | Noticed an angel
  6102 | D:7      | Found a flagged portal.
  6110 | Bailey   | Entered a bailey
  6404 | Bailey   | Reached skill level 1 in Invocations
  6429 | Bailey   | Noticed an orc knight
  6444 | Bailey   | Reached * piety under Okawaru
  6445 | Bailey   | Reached skill level 6 in Unarmed Combat
  6445 | Bailey   | Killed an orc knight
  6446 | Bailey   | Reached skill level 4 in Dodging
  6549 | Bailey   | Reached skill level 3 in Evocations
  6968 | D:7      | Reached ** piety under Okawaru
  6969 | D:7      | Reached skill level 5 in Shields
  7078 | D:7      | Found a runed translucent door.
  7079 | D:7      | Noticed Crazy Yiuf
  7161 | D:7      | Reached XP level 10. HP: 20/76 MP: 9/11
  7993 | D:8      | Reached skill level 4 in Throwing
  7993 | D:8      | Reached skill level 2 in Invocations
  8002 | D:8      | Reached skill level 6 in Fighting
  8015 | D:8      | Reached skill level 5 in Armour
  8070 | D:8      | Identified the +8 trident "Gahagoom" {pain, Str+3 Int+3}
  8333 | D:8      | Learned a level 3 spell: Vampiric Draining
  8365 | D:8      | Identified the +3 ring mail of Hubris {rF+ Stlth+}
  8370 | D:8      | Noticed Erica
  8399 | D:8      | Killed Erica
  8456 | D:8      | Reached skill level 1 in Necromancy
  8829 | D:9      | Found an ancient bone altar of Kikubaaqudgha.
  9076 | D:9      | Reached *** piety under Okawaru
  9619 | D:9      | You fall into a shaft and drop 2 floors!
  9659 | D:11     | Reached skill level 7 in Unarmed Combat
  9749 | D:11     | Reached skill level 2 in Necromancy
  9773 | D:11     | Found a staircase to the Lair.
  9832 | D:11     | Noticed a manticore
  9860 | D:11     | Killed a manticore
  9861 | D:11     | Reached skill level 3 in Invocations
 10039 | D:11     | Noticed a cyclops
 10048 | D:11     | Reached XP level 11. HP: 80/83 MP: 10/13
 10085 | D:11     | Reached **** piety under Okawaru
 10438 | D:10     | Entered Level 10 of the Dungeon
 10444 | D:10     | Found a sacrificial altar of Ru.
 10467 | D:10     | Reached skill level 4 in Evocations
 11062 | D:10     | Reached skill level 5 in Dodging
 11364 | D:10     | Found a staircase to the Orcish Mines.
 11450 | D:10     | Noticed Joseph
 11483 | D:10     | Killed Joseph
 11483 | D:10     | Received a gift from Okawaru
 11484 | D:10     | Reached skill level 3 in Necromancy
 11531 | D:10     | Reached skill level 5 in Throwing
 12079 | Lair:1   | Entered Level 1 of the Lair of Beasts
 12127 | Lair:1   | Noticed Urug
 12148 | Lair:1   | Killed Urug
 12149 | Lair:1   | Reached skill level 7 in Fighting
 12149 | Lair:1   | Reached skill level 6 in Shields
 12290 | Lair:1   | Received a gift from Okawaru
 12371 | Lair:1   | Reached skill level 4 in Invocations
 12407 | Lair:1   | Reached skill level 6 in Armour
 12407 | Lair:1   | Reached skill level 8 in Unarmed Combat
 12860 | Lair:1   | Reached ***** piety under Okawaru
 12989 | Lair:1   | Noticed Nergalle
 13005 | Lair:1   | Killed Nergalle
 13006 | Lair:1   | Reached XP level 12. HP: 77/91 MP: 15/15
 13189 | Lair:2   | Found an iron altar of Okawaru.
 13316 | Lair:2   | Reached skill level 4 in Necromancy
 13389 | Lair:2   | Found a frozen archway.
 13398 | IceCv    | Entered an ice cave
 13659 | IceCv    | Found a transporter.
 13674 | IceCv    | Found a transporter.
 13687 | IceCv    | Received a gift from Okawaru
 13688 | IceCv    | Reached skill level 5 in Evocations
 14010 | Lair:2   | Identified the +0 spear "Afumm" {freeze, rPois Str+2
                  | Stlth+}
 14090 | Lair:2   | Found a hole to the Spider Nest.
 14742 | Lair:2   | Received a gift from Okawaru
 15131 | Lair:3   | Reached skill level 5 in Invocations
 15135 | Lair:3   | Reached skill level 6 in Dodging
 15221 | Lair:3   | Reached skill level 9 in Unarmed Combat
 15228 | Lair:3   | Reached skill level 6 in Throwing
 15232 | Lair:3   | Reached skill level 8 in Fighting
 15391 | Lair:3   | Found a staircase to the Shoals.
 15809 | Lair:3   | Reached skill level 5 in Necromancy
 15817 | Lair:3   | Received a gift from Okawaru
 15872 | Lair:4   | Received a gift from Okawaru
 15873 | Lair:4   | Gained mutation: You are strongly in touch with the powers
                  | of death. [Mummy growth]
 15873 | Lair:4   | Reached XP level 13. HP: 87/98 MP: 16/16
 16128 | Lair:4   | Noticed Sonja
 16131 | Lair:4   | Killed Sonja
 16269 | Lair:4   | Reached skill level 7 in Shields
 16413 | Lair:4   | Received a gift from Okawaru
 16799 | Lair:4   | Reached skill level 7 in Armour
 17012 | Lair:5   | Entered Level 5 of the Lair of Beasts
 17113 | Lair:5   | Identified the +4 rapier of Otagonun {speed, rPois Int+2}
 17254 | Lair:5   | Received a gift from Okawaru
 17307 | Lair:5   | Reached skill level 6 in Evocations
 17651 | Lair:5   | Noticed a dire elephant
 17664 | Lair:5   | Killed a dire elephant
 17671 | Lair:5   | Reached skill level 6 in Invocations
 17705 | Lair:5   | Found a burning altar of Makhleb.
 17751 | Lair:5   | Received a gift from Okawaru
 17765 | Lair:5   | Reached skill level 10 in Unarmed Combat
 17765 | Lair:5   | Reached skill level 6 in Necromancy
 17831 | Lair:5   | Found a gateway to Hell.
 17935 | Lair:5   | Found a viscous altar of Jiyva.
 17935 | Lair:5   | Found a staircase to the Slime Pits.
 18293 | Orc:1    | Entered Level 1 of the Orcish Mines
 18479 | Orc:1    | Found a transporter.
 18484 | Orc:1    | Found a transporter.
 18489 | Orc:1    | Noticed QuickerDeath's ghost (journeyman DEHu)
 18731 | Orc:1    | Noticed an orc warlord
 18918 | Orc:1    | Reached XP level 14. HP: 106/106 MP: 18/18
 18985 | Orc:1    | Killed an orc warlord
 18985 | Orc:1    | Received a gift from Okawaru
 19189 | Orc:2    | Entered Level 2 of the Orcish Mines
 19205 | Orc:1    | Paralysed by an orc sorcerer for 2 turns
 19213 | Orc:2    | Noticed Saint Roka
 19344 | Orc:1    | Killed Saint Roka
 19344 | Orc:1    | Identified the +0 pair of gloves of the Komodo Dragon {rN+}
                  | (Okawaru gifted it to you on level 1 of the Orcish Mines)
 19344 | Orc:1    | Received a gift from Okawaru
 19345 | Orc:1    | Reached skill level 9 in Fighting
 19345 | Orc:1    | Reached skill level 7 in Dodging
 19434 | Orc:2    | Found Texkoilemu's Self-Improvement Boutique.
 19862 | Orc:1    | Reached skill level 7 in Throwing
 20031 | Orc:2    | Found Qailefo's Antique Armour Shoppe.
 20031 | Orc:2    | Found Xaneomn's General Store.
 20032 | Orc:2    | Found Sahoah's Antique Armour Emporium.
 20036 | Orc:2    | Found Ketown's Magic Scroll Shoppe.
 20040 | Orc:2    | Bought a scroll of blinking for 82 gold pieces
 20040 | Orc:2    | Bought a scroll of teleportation for 33 gold pieces
 20040 | Orc:2    | Bought a scroll of poison for 44 gold pieces
 20040 | Orc:2    | Bought a scroll of magic mapping for 82 gold pieces
 20148 | Orc:2    | Found a staircase to the Elven Halls.
 20309 | Orc:2    | Bought a glowing tower shield for 150 gold pieces
 20309 | Orc:2    | Bought a runed scarf for 160 gold pieces
 20858 | D:12     | Noticed Snorg
 20875 | D:12     | Killed Snorg
 21396 | D:13     | Found a gate to the Vaults.
 21776 | D:13     | Noticed Jorgrun
 21941 | D:13     | Killed Jorgrun
 21942 | D:13     | Reached skill level 8 in Shields
 22151 | D:13     | Reached skill level 7 in Necromancy
 22373 | D:14     | Found a portal to a secret trove of treasure.
 22728 | D:14     | Found a stormy altar of Qazlal.
 22945 | D:15     | Entered Level 15 of the Dungeon
 22997 | D:15     | Found a gate leading to a gauntlet.
 23029 | Gauntlet | Entered a Gauntlet
 23029 | Gauntlet | Found a transporter.
 23029 | Gauntlet | Found a transporter.
 23038 | Gauntlet | Found a runed translucent door.
 23042 | Gauntlet | Found a transporter.
 23043 | Gauntlet | Found a transporter.
 23047 | Gauntlet | Found a runed translucent door.
 23047 | Gauntlet | Found a runed translucent door.
 23057 | Gauntlet | Found a transporter.
 23060 | Gauntlet | Found a transporter.
 23064 | Gauntlet | Found a runed translucent door.
 23066 | Gauntlet | Found a runed translucent door.
 23068 | Gauntlet | Found a transporter.
 23107 | Gauntlet | Found a transporter.
 23126 | Gauntlet | Found a transporter.
 23129 | Gauntlet | Found a transporter.
 23150 | Gauntlet | Found a transporter.
 23165 | Gauntlet | Found a transporter.
 23280 | Gauntlet | Received a gift from Okawaru
 23281 | Gauntlet | Reached skill level 8 in Armour
 23402 | Gauntlet | Reached skill level 7 in Invocations
 23417 | Gauntlet | Identified the +0 pair of boots of Vehumet {rElec}
 23480 | Gauntlet | Identified the +3 leather armour of Omour {rPois rN+}
 23501 | D:15     | Received a gift from Okawaru
 23502 | D:15     | Reached skill level 7 in Evocations
 23739 | D:15     | Reached skill level 11 in Unarmed Combat
 23751 | D:15     | Reached XP level 15. HP: 22/114 MP: 15/20
 23902 | D:15     | Found a staircase to the Depths.
 23988 | D:15     | Found Tumpiorr's Distillery.
 24091 | D:15     | Received a gift from Okawaru
 24224 | D:15     | Noticed Nessos
 24276 | D:15     | Killed Nessos
 24361 | D:15     | Found an ornate altar of the Wu Jian Council.
 24635 | D:15     | Noticed Kirke
 24653 | D:15     | Killed Kirke
 24653 | D:15     | Received a gift from Okawaru
 24911 | Shoals:1 | Entered Level 1 of the Shoals
 24947 | Shoals:1 | Received a gift from Okawaru
 24998 | Shoals:1 | Found a runed translucent door.
 25052 | Shoals:1 | Killed from afar by a wind drake

Illustrated notes

Levels and vault maps discovered:
D:1:      shiori_arrival_oz, layout_loops_ring,
          dreamdust_ecumenical_altar_statues
D:2:      layout_loops_ring, serial_shops, nicolae_shop_hallway_plus
D:3:      minmay_roachtagon, layout_basic, uniq_grinder, uniq_sigmund
D:4:      layout_gridville, nicolae_overflow_hidden_temple,
          minmay_temple_entry_drinking_statues, serial_shops,
          nicolae_shop_crystal, nicolae_shop_window_shopping
D:5:      layout_loops_ring, kennysheep_another_room, minmay_misc_feat_chi
D:6:      layout_basic, mainiacjoe_overflow_alcove_2, serial_co_window_serial,
          co_window_corner_a, co_window_corner_a, co_window_corner_a,
          co_window_paths_a, co_window_corner_a, co_window_broadway_b,
          co_window_broadway_a, co_window_2corner, glass_columns_b
D:7:      layout_layer_cave, zin_angel, enter_bailey_2, minmay_misc_feat_rugged,
          minmay_misc_feat_tower, uniq_crazy_yiuf_cottage
D:8:      layout_cave_pools, serial_gnoll_camp, gnoll_camp_mini_hut,
          gnoll_camp_mini_house, gnoll_camp_mini_house,
          gnoll_camp_mini_loothouse, uniq_erica
D:9:      layout_grid_maze, nicolae_overflow_crystal_walls
D:10:     layout_rooms, nicolae_ru_awakened_eye, david_orc_4, uniq_joseph
D:11:     minmay_s_stair_smasher, layout_loops_ring, erik_lair_island,
          minivault_25
D:12:     layout_rooms, serial_co_window_serial, co_window_paths_a,
          co_window_of_opportunity_a, co_window_paths_a, co_window_paths_b,
          co_window_paths_a, co_window_corner_a, co_window_paths_b,
          co_window_cross_4, co_window_corner_b, co_window_broadway_a,
          co_window_4corner_b, glass_columns_b, uniq_snorg
D:13:     layout_roguey, david_vaults_5, uniq_jorgrun
D:14:     layout_stronghold, enter_trove_1, grunt_qazlal_clouds,
          elyvilon_altar_3
D:15:     hangedman_depths_entry_civil_slaughter, layout_loops_corners,
          serial_shops, shop, nicolae_wu_jian_immortal_techniques,
          gauntlet_entry_generic, uniq_kirke, uniq_nessos
Temple:   nicolae_temple_bog_church
Lair:1:   layout_small_grid, minmay_hedge_maze, uniq_urug, uniq_nergalle
Lair:2:   lemuel_ratsnest, layout_loops_ring,
          hellmonk_spider_entry_not_the_bees, portal_ice_cave_entry_pillars_2,
          lemuel_oklob_altar
Lair:3:   layout_cave_shapes, minmay_shoals_entry_centaurs, grunt_megastairs_4,
          serial_bayou_shore_a
Lair:4:   layout_cave_pods, grunt_forest_small_clearings, lemuel_fruit_fields,
          uniq_sonja
Lair:5:   evil_forest, layout_loops_ring, slime_entry_1
Shoals:1: layout_shoals, lightli_airlock
Orc:1:    layout_caves, basic_altar, gammafunk_ghost_berserking_beasts,
          minmay_orc_temple_b
Orc:2:    st_orc_mages, layout_caves, nicolae_shop_self_help, uniq_saint_roka

Skill      XL: |  1  2  3  4  5  6  7  8  9 10 11 12 13 14 |
---------------+-------------------------------------------+-----
Unarmed Combat | 2 3 4 5 6 7 8 9 10 11 | 11.3
Dodging        | 1 2 3 4 5 6 7 |  7.7
Throwing       | 1 2 3 4 5 6 7 |  7.6
Armour         | 3 4 5 6 7 8 |  8.3
Shields        | 3 4 5 6 7 8 |  8.3
Fighting       | 4 5 6 7 8 9 |  9.8
Evocations     | 1 2 3 4 5 6 7 |  7.2
Invocations    | 1 3 4 5 6 7 |  7.3
Necromancy     | 2 3 5 6 7 |  7.5

Action                     |  1- 3 |  4- 6 |  7- 9 | 10-12 | 13-15 || total
---------------------------+-------+-------+-------+-------+-------++-------
  Melee: Dagger            |    99 |   163 |   593 |   870 |    21 ||  1746
         Unarmed           |     6 |    32 |    39 |   101 |    67 ||   245
         Trident           |       |       |       |   609 |  1384 ||  1993
         Scimitar          |       |       |       |       |    10 ||    10
  Throw: Dart              |       |     6 |       |    28 |    38 ||    72
         Boomerang         |       |     8 |       |       |    10 ||    18
         Javelin           |       |       |       |       |     4 ||     4
 Invoke: Heroism           |       |       |     1 |    26 |    31 ||    58
         Finesse           |       |       |       |     1 |     8 ||     9
  Evoke: Wand              |       |       |     7 |     2 |    11 ||    20
         Condenser vane    |       |       |       |       |     1 ||     1
    Use: Scroll            |       |       |     8 |    13 |     7 ||    28
 Armour: Plate armour      |    42 |   163 |   384 |       |       ||   589
         Crystal plate arm |       |       |    60 |  1497 |  1416 ||  2973
  Dodge: Dodged            |    22 |    78 |   218 |   397 |   372 ||  1087
  Block: Buckler           |    12 |    52 |   177 |       |       ||   241
         Kite shield       |       |       |    64 |  1378 |   719 ||  2161
         Tower shield      |       |       |       |       |   885 ||   885

Table legend: (Time is in decaauts)
 A = Elapsed time spent in this place.
 B = Non-inter-level travel time spent in this place.
 C = Inter-level travel time spent in this place.
 D = Time resting spent in this place.
 E = Time spent auto-exploring this place.
 F = Levels seen in this place.
 G = Mean time per level.
                   A        B        C        D        E       F      G
               +--------+--------+--------+--------+--------+-----+--------+
         Total |  25915 |  24394 |   1521 |   3042 |  13337 |  27 |  959.8 |
       Dungeon |  15931 |  14870 |   1061 |   1773 |   8771 |  15 | 1062.1 |
        Temple |    202 |    175 |     27 |      0 |    157 |   1 |  202.0 |
          Lair |   5826 |   5526 |    300 |    419 |   3231 |   5 | 1165.2 |
        Shoals |    152 |    152 |      0 |      0 |     50 |   1 |  152.0 |
  Orcish Mines |   2203 |   2073 |    130 |    265 |    958 |   2 | 1101.5 |
        Bailey |    478 |    478 |      0 |    124 |    132 |   1 |  478.0 |
      Ice Cave |    610 |    610 |      0 |    461 |      0 |   1 |  610.0 |
      Gauntlet |    509 |    509 |      0 |      0 |     36 |   1 |  509.0 |
               +--------+--------+--------+--------+--------+-----+--------+

Top non-repeatable levels by time:
     D:9: 1512 daAuts
     D:7: 1498 daAuts
   Orc:1: 1473 daAuts
    D:15: 1350 daAuts
     D:6: 1337 daAuts
  Lair:2: 1316 daAuts
  Lair:4: 1288 daAuts
    D:10: 1274 daAuts
  Lair:1: 1220 daAuts
  Lair:5: 1114 daAuts
     D:5: 1053 daAuts
     D:3: 1034 daAuts
    D:13: 966 daAuts
    D:11: 940 daAuts
     D:2: 922 daAuts
